 Dungeon Crawl Stone Soup version 0.28.0-53-g5a82cb258f (webtiles) character file.

Game seed: 10032069265951496266

22 cbfl8 the Skirmisher (level 2, 0/28 HPs)
             Began as a Minotaur Abyssal Knight on July 17, 2022.
             Was a Follower of Lugonu.
             Succumbed to an adder's poison
             ... on level 2 of the Dungeon.
             The game lasted 00:00:29 (853 turns).

cbfl8 the Skirmisher (Minotaur Abyssal Knight)       Turns: 853, Time: 00:00:30

Health: 0/28       AC:  3    Str: 17    XL:     2   Next: 68%
Magic:  2/2        EV: 11    Int:  7    God:    Lugonu [*.....]
Gold:   44         SH:  0    Dex: 10    Spells: 1/1 levels left

rFire   . . .      SeeInvis .   a - +1 hand axe
rCold   . . .      Faith    .   (no shield)
rNeg    . . .      Spirit   .   b - +0 leather armour
rPois   .          Reflect  .   (helmet restricted)
rElec   .          Harm     .   (no cloak)
rCorr   .          Rampage  .   (no gloves)
Will    .....                   (no boots)
Stlth   +.........              (no amulet)
HPRegen 0.09/turn               (no ring)
MPRegen 0.08/turn               (no ring)

@: lethally poisoned (0 -> -3)
A: horns 2, retaliatory headbutt
a: Renounce Religion, Depart the Abyss


You were on level 2 of the Dungeon.
You worshipped Lugonu.
Lugonu was aware of your devotion.
You visited 1 branch of the dungeon, and saw 2 of its levels.
You visited the Abyss 1 time.

You collected 44 gold pieces.

Inventory:

Hand Weapons
 a - a +1 hand axe (weapon)
Armour
 b - a +0 leather armour (worn)
Jewellery
 c - a ring of wizardry
Scrolls
 g - a scroll of acquirement {unknown}
 h - a scroll of fog {unknown}
 i - a scroll of identify {unknown}
 j - a scroll of magic mapping {unknown}
Potions
 d - a potion of mutation {unknown}
 e - a potion of heal wounds {unknown}
 f - 3 potions of lignification {unknown}


   Skills:
 + Level 4.6 Fighting
 + Level 2.5 Axes
 + Level 2.7 Armour
 + Level 1.1 Dodging
 + Level 0.1 Stealth
 + Level 1.7 Invocations


You had one spell level left.
You didn't know any spells.
Your spell library was empty.

Dungeon Overview and Level Annotations

Branches:
Dungeon (2/15)

Altars:


Innate Abilities, Weirdness & Mutations

You have a pair of horns on your head.
You reflexively headbutt those who attack you in melee.


Message History

You barely miss the adder. You headbutt the adder.
The adder is moderately wounded.
The adder bites you. The adder bites you but does no damage.
An adder is nearby!
You closely miss the adder. Your headbutt misses the adder.
The adder is moderately wounded.
The adder bites you.
You are poisoned.
The adder poisons you!
An adder is nearby!
You closely miss the adder.
The adder is moderately wounded.
You feel sick. The adder bites you.
You are more poisoned.
The adder poisons you! The adder misses you.
An adder is nearby!
You closely miss the adder.
The adder is moderately wounded.
You feel very sick. The adder bites you but does no damage.
An adder is nearby!
You closely miss the adder. Your headbutt misses the adder.
The adder is moderately wounded.
You feel sick. The adder bites you. x2
* * * LOW HITPOINT WARNING * * *
You hit the adder. Your headbutt misses the adder.
The adder is almost dead.
* * * LOW HITPOINT WARNING * * *
You feel sick. The adder bites you.
* * * LOW HITPOINT WARNING * * *
You hit the adder.
The adder is almost dead.
* * * LOW HITPOINT WARNING * * *
You feel sick. The adder bites you.
* * * LOW HITPOINT WARNING * * *
The adder barely misses you.
You hit the adder.
You kill the adder!
Lugonu accepts your kill.
You die...

#.##.#
#.##.##### #
#.##.....#
#.
#.##.#####
#..##.##.#
#........#
....###.##.#
#
#..##.#####
#..@.......
#...#.####.
....<...#
#.###..##.#
#..##.# #..#
. #..# ##
#..


There were no monsters in sight!

Vanquished Creatures
  An adder (D:2)
  2 ball pythons (D:1)
  3 endoplasms (D:1)
  2 goblins (D:1)
  A hobgoblin (D:1)
  4 jackals (D:1)
  A bat (D:1)
  3 kobolds (D:1)
  2 rats (D:1)
19 creatures vanquished.

Notes
Turn   | Place    | Note
-------+----------+-------------------------------------------
     0 | Abyss:1  | cbfl8 the Minotaur Abyssal Knight began the quest for the
                  | Orb.
     0 | Abyss:1  | Reached XP level 1. HP: 19/19 MP: 1/1
   121 | Abyss:1  | Noticed an efreet
   123 | D:1      | Escaped the Abyss
   205 | D:1      | Reached skill level 4 in Fighting
   228 | D:1      | Reached * piety under Lugonu
   232 | D:1      | Reached XP level 2. HP: 18/27 MP: 2/2
   833 | D:1      | You fall into a shaft and drop 1 floor!
   853 | D:2      | Succumbed to an adder's poison

Illustrated notes

Levels and vault maps discovered:
D:1:      eino_arrival_water_star, layout_basic
D:2:      layout_basic, basic_ecumenical_altar

Skill      XL: |  1 |
---------------+----+-----
Fighting       | 4 |  4.6
Axes           | |  2.5
Armour         | |  2.7
Dodging        | |  1.1
Stealth        | |  0.1
Invocations    | |  1.7

Action                   || total
-------------------------++-------
Melee: Hand axe          ||    47
       Headbutt          ||     5
       Punch             ||     1
Invok: Depart the Abyss  ||     1
Armor: Leather armour    ||    11
Dodge: Dodged            ||    41
